 Dungeon Crawl Stone Soup version 0.30.0-19-g36f170ea60 (webtiles) character file.

Game seed: 8173856225439788692

3950 Brutalitops the Twirler (level 9, -10/70 HPs)
             Began as a Demigod Hexslinger on May 27, 2023.
             Mangled by a two-headed ogre
             ... wielding a +0 giant club
              (18 damage)
             ... on level 10 of the Dungeon.
             The game lasted 00:42:54 (9491 turns).

Brutalitops the Twirler (Demigod Hexslinger)        Turns: 9491, Time: 00:42:55

Health: -10/70     AC: 12    Str: 11    XL:     9   Next: 71%
Magic:  18/20      EV: 13    Int: 27    God:
Gold:   515        SH:  0    Dex: 14    Spells: 12/18 levels left

rFire   + . .        x - +5 quarterstaff (chaos)
rCold   + + .        (shield currently unavailable)
rNeg    . . .        i - +1 robe {rC+}
rPois   +            e - +2 helmet
rElec   .            o - scarf {rC+ rF+}
rCorr   .            v - +0 pair of gloves
SInv    .            l - +0 pair of boots
Will    .....        (no amulet)
Stlth   ++           k - +4 ring of protection
HPRegen 0.31/turn    K - ring of poison resistance
MPRegen 0.17/turn

%: no passive effects
@: no status effects
A: high MP 1, forlorn, divine attributes
a: no special abilities


You were on level 10 of the Dungeon.
You visited 1 branch of the dungeon, and saw 10 of its levels.

You collected 515 gold pieces.

Inventory:

Hand Weapons
 a - a +0 dagger of speed
 b - a +1 sling
 n - a +0 dagger
 p - a +0 falchion
 s - a +0 rapier
 x - a +5 quarterstaff of chaos (weapon)
 G - a +2 short sword of holy wrath
Missiles
 g - a throwing net
Armour
 c - a +0 robe
 e - a +2 helmet (worn)
 i - a +1 robe of cold resistance (worn)
 l - a +0 pair of boots (worn)
 o - a scarf of resistance (worn)
 q - a +0 leather armour
 v - a +0 pair of gloves (worn)
 y - a +2 cloak
Magical Staves
 j - a staff of death
Jewellery
 k - a +4 ring of protection (left hand)
 t - a ring of ice
 E - a ring of magical power
 K - a ring of poison resistance (right hand)
 M - a ring of positive energy
Wands
 d - a wand of digging (3)
 B - a wand of charming (4)
 I - a wand of flame (20)
 J - a wand of roots (8)
Scrolls
 h - a scroll of fog
 u - a scroll of magic mapping
 C - 2 scrolls of enchant armour
 D - 3 scrolls of teleportation
 F - 2 scrolls of immolation
Potions
 f - 2 potions of curing
 m - 2 potions of ambrosia
 r - 2 potions of mutation {unknown}
 w - 3 potions of haste
 z - a potion of resistance {unknown}
 A - 2 potions of might {unknown}
 H - a potion of flight {unknown}
 L - 2 potions of brilliance
 N - a potion of attraction {unknown}


   Skills:
 + Level 3.5 Fighting
 + Level 3.3 Short Blades
 + Level 0.6(3.7) Maces & Flails
 + Level 5.9 Staves
 + Level 2.5 Ranged Weapons
 + Level 1.6 Armour
 + Level 4.6 Dodging
 + Level 3.9 Stealth
 + Level 5.2 Spellcasting
 + Level 0.2 Conjurations
 + Level 3.5 Hexes
 + Level 2.1 Ice Magic
 + Level 4.6 Earth Magic


You had 12 spell levels left.
You knew the following spells:

 Your Spells              Type           Power      Damage    Failure   Level
a - Stone Arrow           Conj/Erth      40%        3d9       8%          3
b - Ensorcelled Hibernat  Hex/Ice        44%        N/A       3%          2
c - Sandblast             Erth           64%        2d14      1%          1

Your spell library contained the following spells:

 Spells                   Type           Power      Damage    Failure   Level
 Slow                     Hex            100%       N/A       1%          1
 Freeze                   Ice            72%        1d8       3%          1
 Passwall                 Tmut/Erth      15%        N/A       4%          2
 Foxfire                  Conj/Fire      28%        2x1d5     7%          1
 Shock                    Conj/Air       28%        1d4       7%          1
 Frozen Ramparts          Ice            36%        1d6       9%          3
 Momentum Strike          Conj/Tloc      14%        3d8       10%         2
 Inner Flame              Hex/Fire       16%        N/A       10%         3
 Portal Projectile        Hex/Tloc       32%        N/A       10%         3
 Blink                    Tloc           14%        N/A       11%         2
 Lesser Beckoning         Tloc           14%        N/A       11%         2
 Hailstorm                Conj/Ice       13%        3d5       13%         3
 Cause Fear               Hex            13%        N/A       16%         4
 Spider Form              Tmut/Pois      7%         N/A       22%         3
 Swiftness                Air            7%         N/A       22%         3
 Animate Armour           Summ/Erth      38%        N/A       26%         4
 Anguish                  Hex/Necr       8%         N/A       32%         4
 Airstrike                Air            3%         2d(1-17)  56%         4
 Animate Dead             Necr           7%         N/A       56%         4
 Borgnjor's Vile Clutch   Necr/Erth      9%         N/A       58%         5
 Fireball                 Conj/Fire      3%         3d4       88%         5
 Blade Hands              Tmut           3%         N/A       89%         5
 Iron Shot                Conj/Erth      10%        9d3       98%         6
 Death Channel            Necr           3%         N/A       100%        6
 Plasma Beam              Fire/Air       3%         2x1d15    100%        6
 Starburst                Conj/Fire      3%         6d3       100%        6
 Lehudib's Crystal Spear  Conj/Erth      10%        10d4      100%        8


Dungeon Overview and Level Annotations

Branches:
Dungeon (10/15)            Temple (0/1) D:5
   Lair: D:8-11         Orc: D:9-12

Shops:
D:1 ?

Annotations:
D:4 2 transporters


Innate Abilities, Weirdness & Mutations

You have an increased reservoir of magic. (+10% MP)
You shall have no god before yourself.
Your divine heritage dramatically boosts your attributes as you level up.


Message History

What level of the Dungeon? (default 1, ? - help)
There is a stone staircase leading down here.
You climb downwards.
Found a bubbling clear potion.
There is a stone staircase leading up here.
r - 2 bubbling clear potions (gained 1)
You open the door.
A two-headed ogre, an orc wizard and 2 orcs come into view.
An orc is wielding a +1 dagger of draining.
The two-headed ogre shouts in stereo!
The orc wizard shouts!
The orc shouts!
Casting: Sandblast (safe; 1% risk of failure)
Confirm with . or Enter, or press ? or * to list all spells.
Aiming: Sandblast (safe; 1% risk of failure)
Press: ? - help, Shift-Dir - straight line, f - orc
Aim: an orc, wielding a +1 dagger of draining (84% to hit)
The blast of sand hits the orc!!
You kill the orc!
Casting: Sandblast (safe; 1% risk of failure)
Confirm with . or Enter, or press ? or * to list all spells.
Aiming: Sandblast (safe; 1% risk of failure)
Press: ? - help, Shift-Dir - straight line, f - two-headed ogre
Aim: a two-headed ogre, wielding two +0 giant clubs (92% to hit)
The blast of sand hits the two-headed ogre!
The two-headed ogre is lightly wounded.
Casting: Sandblast (safe; 1% risk of failure)
Confirm with . or Enter, or press ? or * to list all spells.
Aiming: Sandblast (safe; 1% risk of failure)
Press: ? - help, Shift-Dir - straight line, f/p - two-headed ogre
Aim: a two-headed ogre, wielding two +0 giant clubs (lightly wounded, 92% to hit)
The blast of sand misses the two-headed ogre.
You sock the two-headed ogre!
The two-headed ogre is moderately wounded.
The two-headed ogre hits you with a +0 giant club!!
The two-headed ogre hits you with a +0 giant club!
You thump the two-headed ogre!
The two-headed ogre seems to speed up.
The two-headed ogre is heavily wounded.
The two-headed ogre hits you with a +0 giant club!!
* * * LOW HITPOINT WARNING * * *
The two-headed ogre hits you with a +0 giant club!!
You die...

###.# #.#.# ###
..#.# ..# #.#.#
#+ #.# #.#.#
.o. #.# #.#.#
.Oo. #.####.#.#
#...o
#oO@.....#
#....#)####.#<#
#...'....#.#.#
##..#.##.#.#.#
##.#.# #.#.# #
#.. #.#.# #.#
#.#.# #.. ..#.#
#.. #.#


You could see a two-headed ogre (fast) and an orc wizard.

Vanquished Creatures
  A two-headed ogre (D:9)
  Grinder (D:5)
  Sigmund (D:4)
  A wraith (D:9)
  A steam dragon (D:6)
  2 water moccasins
  An acid dragon (D:9)
  Duvessa (D:4)
  2 orc warriors (D:9)
  2 ice beasts (D:7)
  A black bear (D:7)
  3 ogres
  A kobold brigand (D:8)
  2 bullfrogs
  A gnoll sergeant (D:3)
  4 wights (D:9)
  Dowan (D:4)
  5 killer bees (D:9)
  7 howler monkeys
  3 hounds
  2 jellies
  4 orc priests
  Crazy Yiuf (D:5)
  A sleepcap (D:6)
  An orc wizard (D:9)
  10 gnolls
  6 adders
  2 shadow imps
  3 white imps (D:7)
  3 worms
  5 dart slugs
  17 orcs
  6 endoplasms
  3 giant cockroaches
  7 goblins
  7 hobgoblins
  8 jackals
  4 quokkas
  5 ball pythons
  8 bats
  4 frilled lizards
  8 kobolds
  6 rats
162 creatures vanquished.

Notes
Turn   | Place    | Note
-------+----------+-------------------------------------------
     0 | D:1      | Brutalitops the Demigod Hexslinger began the quest for the
                  | Orb.
     0 | D:1      | Reached XP level 1. HP: 15/15 MP: 4/4
    88 | D:1      | Reached skill level 1 in Fighting
   131 | D:1      | Reached XP level 2. HP: 23/23 MP: 5/5
   297 | D:1      | Found Winlaej's Magic Scroll Shoppe.
   510 | D:1      | Learned a level 2 spell: Ensorcelled Hibernation
  1102 | D:2      | Reached XP level 3. HP: 28/28 MP: 6/6
  1104 | D:2      | Learned a level 1 spell: Sandblast
  2393 | D:3      | Noticed a gnoll sergeant
  2867 | D:3      | Reached XP level 4. HP: 33/35 MP: 8/8
  3088 | D:4      | Noticed Dowan
  3227 | D:4      | Reached skill level 1 in Stealth
  3359 | D:4      | You fall into a shaft and drop 1 floor!
  3359 | D:5      | Entered Level 5 of the Dungeon
  3479 | D:5      | Found a staircase to the Ecumenical Temple.
  3568 | D:5      | Reached skill level 1 in Short Blades
  3588 | D:4      | Reached skill level 1 in Ice Magic
  3588 | D:4      | Reached XP level 5. HP: 9/40 MP: 4/10
  3721 | D:4      | Found a transporter.
  3830 | D:4      | Found a transporter.
  4190 | D:4      | Reached skill level 1 in Earth Magic
  4288 | D:4      | Noticed Sigmund
  4497 | D:4      | Noticed Duvessa
  4522 | D:4      | Killed Duvessa
  4523 | D:4      | Reached XP level 6. HP: 32/47 MP: 2/12
  4525 | D:4      | Killed Dowan
  4662 | D:4      | Killed Sigmund
  4884 | D:4      | Reached skill level 1 in Armour
  5089 | D:3      | Reached XP level 7. HP: 53/53 MP: 6/14
  5333 | D:5      | Noticed Grinder
  5357 | D:5      | Paralysed by Grinder for 5 turns
  5368 | D:5      | Paralysed by Grinder for 5 turns
  5377 | D:5      | Killed Grinder
  5461 | D:5      | Learned a level 3 spell: Stone Arrow
  5710 | D:5      | Found a runed translucent door.
  5711 | D:5      | Noticed Crazy Yiuf
  5719 | D:5      | Paralysed by Crazy Yiuf for 4 turns
  5723 | D:5      | Killed Crazy Yiuf
  6473 | D:6      | Noticed a steam dragon
  6482 | D:6      | Killed a steam dragon
  6483 | D:6      | Reached skill level 1 in Staves
  6483 | D:6      | Reached XP level 8. HP: 54/61 MP: 13/16
  6572 | D:6      | Identified the +0 leather armour "Vechiem" {Will- rCorr
                  | Int+3 Dex+4}
  8116 | D:9      | Noticed a two-headed ogre
  8141 | D:9      | Reached XP level 9. HP: 59/68 MP: 19/19
  8801 | D:9      | Reached skill level 5 in Staves
  8805 | D:9      | Reached skill level 5 in Spellcasting
  8953 | D:9      | Killed a two-headed ogre
  9471 | D:10     | Entered Level 10 of the Dungeon
  9483 | D:10     | Noticed a two-headed ogre
  9491 | D:10     | Mangled by a two-headed ogre

Illustrated notes

Levels and vault maps discovered:
D:1:      saegor_arrival_fortress, layout_basic, serial_shops, shop
D:2:      layout_basic
D:3:      layout_loops_ring, amcnicky_altar_gilded, lemuel_round_altar,
          chequers_ecumenical_altar_island
D:4:      gammafunk_steamed_eel, layout_loops_cross, mainiacjoe_overflow_swirl,
          grunt_temple_overflow_bloody_war, uniq_sigmund, uniq_duvessa
D:5:      layout_rooms, minmay_temple_entry_mini_moons, uniq_crazy_yiuf_cottage,
          uniq_grinder
D:6:      layout_basic, nicolae_overflow_hidden_temple
D:7:      layout_basic
D:8:      layout_rooms, mainiacjoe_overflow_alcove_2
D:9:      layout_roguey
D:10:     layout_basic, kennysheep_ying_yang, minmay_quadrilaterals

Skill      XL: |  1  2  3  4  5  6  7  8  9 |
---------------+----------------------------+-----
Ranged Weapons | 2 |  2.5
Fighting       | 1 2 3 |  3.5
Dodging        | 2 3 4 |  4.6
Stealth        | 1 2 3 |  3.9
Short Blades   | 1 2 3 |  3.3
Ice Magic      | 1 2 |  2.1
Hexes          | 3 |  3.5
Earth Magic    | 1 2 3 4 |  4.6
Spellcasting   | 2 3 4 5 |  5.2
Armour         | 1 |  1.6
Staves         | 1 3 5 |  5.9
Maces & Flails | |  0.6
Conjurations   | |  0.2

Action                     |  1- 3 |  4- 6 |  7- 9 || total
---------------------------+-------+-------+-------++-------
  Melee: Club              |    45 |       |       ||    45
         Dagger            |    96 |   182 |     6 ||   284
         Punch             |     3 |     4 |     2 ||     9
         Rapier            |       |       |    71 ||    71
         Quarterstaff      |       |       |   200 ||   200
   Fire: Sling             |    28 |       |       ||    28
   Cast: Ensorcelled Hiber |    23 |    39 |     8 ||    70
         Sandblast         |    19 |    32 |    66 ||   117
         Stone Arrow       |       |       |     1 ||     1
    Use: Scroll            |     2 |     4 |    13 ||    19
         Potion            |       |     2 |     5 ||     7
   Stab: Sleeping          |    16 |    21 |     4 ||    41
         Petrified         |       |       |     4 ||     4
 Armour: Robe              |    45 |    25 |    96 ||   166
         Leather armour    |       |    21 |     8 ||    29
  Dodge: Dodged            |   122 |    83 |   176 ||   381
